Workbook
Name ADMINISTRATIVA: '[1]ADVA FUNCION'!$A$3:$C$41
Name admvasep: '[2]acomodo administrativa'!#REF!
Name admvasep: '[2]acomodo administrativa'!#REF!
Name admvasep: '[2]acomodo administrativa'!#REF!
Name ADVAAGOSTO: '[2]acomodo administrativa'!#REF!
Name ADVAAGOSTO: '[2]acomodo administrativa'!#REF!
Name ADVAAGOSTO: '[2]acomodo administrativa'!#REF!
Name ADVAJUNIO: '[2]acomodo administrativa'!#REF!
Name ADVAJUNIO: '[2]acomodo administrativa'!#REF!
Name ADVAJUNIO: '[2]acomodo administrativa'!#REF!
Name cataadva: '[2]acomodo administrativa'!#REF!
Name cataadva: '[2]acomodo administrativa'!#REF!
Name cataadva: '[2]acomodo administrativa'!#REF!
Name catafun: #REF!
Name catafun: #REF!
Name catafun: #REF!
Name cataorden: '[2]balanza acomodo'!$A$2:$G$1593
Name cataprograma: [2]acomodoprog!#REF!
Name cataprograma: [2]acomodoprog!#REF!
Name cataprograma: [2]acomodoprog!#REF!
Name FUNC: '[1]ADVA FUNCION'!$D$47:$F$94
Name funcata: #REF!
Name funcata: #REF!
Name funcata: #REF!
Name FUNCIONAL: '[1]ADVA FUNCION'!$D$47:$F$94
Name FUNCIONALENE: #REF!
Name FUNCIONALENE: #REF!
Name FUNCIONALENE: #REF!
Name funjunio: #REF!
Name funjunio: #REF!
Name funjunio: #REF!
Name juladva: '[2]acomodo administrativa'!#REF!
Name juladva: '[2]acomodo administrativa'!#REF!
Name juladva: '[2]acomodo administrativa'!#REF!
Name JULFUN: #REF!
Name JULFUN: #REF!
Name JULFUN: #REF!

Sheet F1. ESF
E1: Servicios de Salud de Durango
E2: Estado de Situación Financiera Detallado - LDF
E3: Al 31 de Diciembre de 2022 y al 31 de Diciembre de 2021
E4: (Pesos)
D5: Ente Público: | E5: (Pesos)
C7: Concepto | F7: 31 de Diciembre 2022 | G7: 31 de diciembre 2021 | I7: Concepto | L7: 31 de Diciembre 2022 | M7: 31 de diciembre 2021
C9: ACTIVO | I9: PASIVO
C10: Activo Circulante | I10: Pasivo Circulante
C11: a. Efectivo y Equivalentes de Efectivo (a=a1+a2+a3,a4+a5+a6+a7) | F11: =SUM(F12:F18) -> 4.2146124e+08 | G11: =SUM(G12:G18) -> 1.0228792e+08 | I11: a. Cuentas por Pagar de Corto Plazo (a=a1+a2+a3+a4+a5+a6+a7+a8+a9) | L11: =SUM(L12:L20) -> 1.0788274e+09 | M11: =SUM(M12:M20) -> 716277862
C12: a1) | D12: Efectivo | F12: 28577.56 | G12: 1033.17 | I12: a1) | J12: Servicios Personales | L12: 18544847 | M12: 39137573
C13: a2) | D13: Bancos/tesoreria | F13: 4.2143266e+08 | G13: 1.0228689e+08 | I13: a2) | J13: Proveedores | L13: 8.4674313e+08 | M13: 583975824
C14: a3) | D14: Bancos/Dependencias y otros | I14: a3) | J14: Contratistas por Obras Públicas | L14: 1190097.1 | M14: 1190097
C15: a4) | D15: Inversiones Temporales (hasta 3 meses) | I15: a4) | J15: Participaciones y Aportaciones
C16: a5) | D16: Fondos con Afectación Especifica | I16: a5) | J16: Transferencias Otorgadas
C17: a6) | D17: Depósitos de fondos de Terceros | I17: a6) | J17: Intereses, Comisiones y Otros Gastos de la Deuda Pública
C18: a7) | D18: Otros Efectivos y Equivalentes | I18: a7) | J18: Retenciones y Contribuciones | L18: 91758828 | M18: 91974368
C19: b. Derechos a Recibir Efectivo o Equivalentes (b=b1+b2+b3,b4+b5+b6+b7) | F19: =SUM(F20:F26) -> 7.0054924e+08 | G19: =SUM(G20:G26) -> 535560425 | I19: a8) | J19: Devoluciones de la Ley de Ingresos
C20: b1) | D20: Inversiones Financieras | I20: a9) | J20: Otras Cuentas por Pagar | L20: 120590446 | M20: 0
C21: b2) | D21: Cuentas por Cobrar | F21: 6.9871328e+08 | G21: 532427209 | I21: b. Documentos por Pagar a Corto Plazo (b=b1+b2+b3) | L21: =SUM(L22:L24) -> 0 | M21: =SUM(M22:M24) -> 0
C22: b3) | D22: Deudores Diversos | F22: 667953.53 | G22: 2440153 | I22: b1) | J22: Documentos Comerciales por Pagar a Corto Plazo
C23: b4) | D23: Ingresos por Recuperar | F23: 125000 | G23: 125000 | I23: b2) | J23: Documentos con Contratistas por Obras Públicas por Pagar a Corto Plazo
C24: b5) | D24: Deudores por Anticipos de la Tesoreria | F24: 1043010.5 | G24: 568063 | I24: b3) | J24: Otros Documentos por Pagar a Corto Plazo
C25: b6) | D25: Prestamos Otorgados | I25: c. Porción de Corto Plazo de la Deuda Pública de Largo Plazo (c=c1+c2) | L25: =SUM(L26:L27) -> 0 | M25: =SUM(M26:M27) -> 0
C26: b7) | D26: Otros Derechos a Recibir Efectivo o Equivalentes | I26: c1) | J26: Porción a Corto Plazo de la Deuda Pública de Largo Plazo
C27: c. Derechos a Recibir Bienes o Servicios (c=c1+c2+c3+c4+c5) | F27: =SUM(F28:F32) -> 2736936.2 | G27: =SUM(G28:G32) -> 2906607 | I27: c2) | J27: Porción a Corto Plazo de Arrendamiento Financiero
A28: 11310000 | C28: c1) | D28: Anticipo a Proveedores por Adquisición de Bienes y Prestación de Servicios a Corto Plazo | F28: =2639668.69-0.45 -> 2639668.2 | G28: 2809339 | I28: d. Títulos y Valores a Corto Plazo
A29: 11320000 | C29: c2) | D29: Anticipo a Proveedores por Adquisición de Bienes Inmuebles y Muebles a Corto Plazo | F29: 97268 | G29: 97268 | I29: e. Pasivos Diferidos a Corto Plazo (e=e1+e2+e3) | L29: =SUM(L30:L32) -> 0 | M29: =SUM(M30:M32) -> 0
A30: 11330000 | C30: c3) | D30: Anticipo a Proveedores por Adquisición de Bienes Intangibles a Corto Plazo | I30: e1) | J30: Ingresos Cobrados por Adelantado a Corto Plazo
A31: 11340000 | C31: c4) | D31: Anticipo a Contratistas por Obras Públicas a Corto Plazo | I31: e2) | J31: Intereses Cobrados por Adelantado a Corto Plazo
A32: 11390000 | C32: c5) | D32: Otros Derechos a Recibir Bienes o Servicios a Corto Plazo | I32: e3) | J32: Otros Pasivos Diferidos a Corto Plazo
C33: d. Inventarios (d=d1+d2+d3+d4+d5) | F33: =SUM(F34:F38) -> 0 | G33: =SUM(G34:G38) -> 0 | I33: f. Fondos y Bienes de Terceros en Garantía y/o Administracion a Corto Plazo (f=f1+f2+f3+f4+f5+f6) | L33: =SUM(L34:L39) -> 0 | M33: =SUM(M34:M39) -> 0
A34: 11410000 | C34: d1) | D34: Inventarios de Mercancias para Venta | I34: f1) | J34: Fondos en Garantía a Corto Plazo
A35: 11420000 | C35: d2) | D35: Inventarios de Vercancias Terminadas | I35: f2) | J35: Fondos en Administración a Corto Plazo
A36: 11430000 | C36: d3) | D36: Inventarios de Mercancias en Proceso de Elaboración | I36: f3) | J36: Fondos en Contingentes a Corto Plazo
A37: 11440000 | C37: d4) | D37: Inventarios de Materias Primas, Materiales y Suministros para Producción | I37: f4) | J37: Fondos de Fideicomisos, Mandatos y Contratos Análogos a Corto Plazo
A38: 11450000 | C38: d5) | D38: Bienes en Tránsito | I38: f5) | J38: Otros Fondos de Terceros en Garantía y/o Administración a Corto Plazo
C39: e. Almacenes | I39: f6) | J39: Valores y Bienes en Garantía a Corto Plazo
C40: f. Estimación por Pérdida o Deterioro de Activos Circulantes (f=f1+f2) | F40: =SUM(F41:F42) -> 0 | G40: =SUM(G41:G42) -> 0 | I40: g. Provisiones a Corto Plazo (g=g1+g2+g3) | L40: =SUM(L41:L43) -> 0 | M40: =SUM(M41:M43) -> 0
C41: f1) | D41: Estimaciones para Cuentas Incobrables por Derechos a Recibir Efectivo o equivalentes | I41: g1) | J41: Provisión para Demandas y Juicios a Corto Plazo
C42: f2) | D42: Estimación por Deterioro de Inventarios | I42: g2) | J42: Provisión para Contingencias a Corto Plazo
C43: g. Otros activos circulantes (g=g1+g2+g3+g4) | F43: =SUM(F44:F47) -> 0 | G43: =SUM(G44:G47) -> 0 | I43: g3) | J43: Otras Provisiones a Corto Plazo
C44: g1) | D44: Valores en Garantía | I44: h. Otros Pasivos a Corto Plazo (h=h1+h2+h3) | L44: =SUM(L45:L47) -> 0 | M44: =SUM(M45:M47) -> 0
C45: g2) | D45: Bienes en Garantía (Excluye Depósitos de Fondos) | I45: h1) | J45: Ingresos por Clasificar
C46: g3) | D46: Bienes Derivados de Embargos, Decomisos, Aseguramientos y Dación en Pago | I46: h2) | J46: Recaudación por Participar
C47: g4) | D47: Adquisición con Fondos de Terceros | I47: h3) | J47: Otros Pasivos Circulantes
I48: IIA. Total de Pasivos Circulantes (IIA= a+b+c+d+e+f+g+h) | L48: =+L11+L21+L25+L28+L29+L33+L40+L44 -> 1.0788274e+09 | M48: =+M11+M21+M25+M28+M29+M33+M40+M44 -> 716277862
C49: IA) Total de Activos Circulantes (IA=a+b+c+d+e+f+g) | F49: =+F11+F19+F27+F33+F39+F40+F43 -> 1.1247474e+09 | G49: =+G11+G19+G27+G33+G39+G40+G43 -> 6.4075495e+08
I50: Pasivo No Circulante
C51: Activo No Circulante | I51: a. Cuentas por Pagar de Largo Plazo
C52: a. Inversiones Financieras a Largo Plazo | F52: 0 | G52: 0 | I52: b. Documentos por Pagar a Largo Plazo
C53: b. Derechos a Recibir Efectivo o Equivalentes a Largo Plazo | I53: c. Deúda Pública a Largo Plazo
C54: c. Bienes Inmuebles, Infraestructura y Construcciones en Proceso | F54: 1.6138418e+09 | G54: 1594694861 | I54: d. Pasivos Diferidos a Largo Plazo
C55: d. Bienes Muebles | F55: 2.3464376e+09 | G55: 2148895110 | I55: e. Fondos y Bienes de Terceros en Garantía y/o Administración a Largo Plazo
C56: e. Activos Intangibles | F56: 55119074 | G56: 48975593 | I56: f. Provisiones a Largo Plazo
C57: f. Depreciación, Deterioro y Amortización Acumulada de Bienes | F57: -2.1298596e+09 | G57: -2013550562
C58: g. Activos Diferidos | I58: IIB. Total de Pasivos No Circulantes (a+b+c+d+e+f) | L58: =SUM(L51:L56) -> 0 | M58: =SUM(M51:M56) -> 0
C59: h. Estimación por Pérdida o Deterioro de Activos no Circulantes
C60: i. Otros Activos no Circulantes | I60: II. Total del Pasivo (II=IIA+IIB) | L60: =+L48+L58 -> 1.0788274e+09 | M60: =+M48+M58 -> 716277862
C62: IB. Total de Activos No Circulantes (IB=a+b+c+d+e+f+g+h+i) | F62: =SUM(F52:F60) -> 1.8855389e+09 | G62: =SUM(G52:G60) -> 1779015002 | I62: HACIENDA PUBLICA/PATRIMONIO
C64: I. Total del Activo I=IA+IB) | F64: =+F49+F62 -> 3.0102863e+09 | G64: =+G49+G62 -> 2.41977e+09 | I64: IIIA. Hacienda Pública/Patrimonio Contribuido (IIIA=a+b+c) | L64: =SUM(L65:L67) -> 5423154 | M64: =SUM(M65:M67) -> 5423154
I65: a. Aportaciones
I66: b. Donaciones de Capital | L66: 5423154 | M66: 5423154
I67: c. Actualizaciones del Patrimonio
I68: IIIB. Hacienda Pública/Patrimonio Generado (IIIB=a+b+c+d+e) | L68: =SUM(L69:L73) -> 1.9260358e+09 | M68: =SUM(M69:M73) -> 1.6980689e+09
I69: a. Resultado del Ejercicio (Ahorro/desahorro) | L69: 1.8698837e+08 | M69: 1.0024086e+08
I70: b. Resultado de Ejercicios Anteriores | L70: 5.5722696e+08 | M70: 4.1600761e+08
I71: c. Revalúos | L71: 1.1818205e+09 | M71: 1.1818205e+09
I72: d. Reservas
I73: e. Rectificaciones de Resultados de Ejercicios Anteriores
I74: IIIC. Exceso o Insuficiencia en la Actualizacion de la Hacienda Pública/Patrimonio (IIIC=a+b) | L74: =SUM(L75:L76) -> 0 | M74: =SUM(M75:M76) -> 0
I75: a. Resultado por Posición Monetaria
I76: b. Resultado por Tenencia de Activos no Monetarios
I77: III. Total Hacienda Pública/Patrimonio (III=IIIA+IIIB+IIIC) | L77: =+L64+L68+L74 -> 1.931459e+09 | M77: =+M64+M68+M74 -> 1.7034921e+09
I78: IV. Total del Pasivo y Hacienda Pública/Patrimonio (IV=II+III) | L78: =+L60+L77 -> 3.0102863e+09 | M78: =+M60+M77 -> 2.41977e+09
L80: =+F64-L78 -> 0 | M80: =+M78-G64 -> 0
D82: NOTA: De acuerdo al inciso e) del instructivo de llenado del Formato 1 ESF Detallado, los saldos del ejercicio anterior serán al cierre del ejercicio anterior al que se informa, es decir, siempre al mes de Diciembre del año anterior.

Sheet F2. IADPyOP
A1: Formato 2 | B1: Informe Analítico de la Deuda Pública y Otros Pasivos - LDF
A3: Informe Analítico de la Deuda Pública y Otros Pasivos - LDF
A4: Del 1 de enero al 31 de diciembre de 2022 (b)
A5: (PESOS)
A6: Denominación de la Deuda Pública y Otros Pasivos (c) | C6: Saldo al 31 de diciembre de 2021 (d) | D6: Disposiciones del Periodo (e) | E6: Amortizaciones del Periodo (f) | F6: Revaluaciones, Reclasificaciones y Otros Ajustes (g) | G6: Saldo Final del Periodo (h) | H6: Pago de Intereses del Periodo (i) | I6: Pago de Comisiones y demás costos asociados durante el Periodo (j)
G7: h=d+e-f+g
A9: 1. Deuda Pública (1=A+B) | C9: =+C10+C14 -> 0 | D9: =+D10+D14 -> 0 | E9: =+E10+E14 -> 0 | F9: =+F10+F14 -> 0 | G9: =+G10+G14 -> 0 | H9: =+H10+H14 -> 0 | I9: =+I10+I14 -> 0
A10: A. Corto Plazo (A=a1+a2+a3)
B11: a1) Instituciones de Crédito
B12: a2) Títulos y Valores
B13: a3) Arrendamientos Financieros
A14: B. Largo Plazo (B=b1+b2+b3) | C14: =+C15+C19+C20 -> 0 | D14: =+D15+D19+D20 -> 0 | E14: =+E15+E19+E20 -> 0 | F14: =+F15+F19+F20 -> 0 | G14: =+G15+G19+G20 -> 0 | H14: =+H15+H19+H20 -> 0 | I14: =+I15+I19+I20 -> 0
B15: b1) Instituciones de Crédito | C15: =SUM(C16:C18) -> 0 | E15: =SUM(E16:E18) -> 0 | G15: =+C15+D15-E15+F15 -> 0 | H15: =SUM(H16:H18) -> 0
B16: Crédito 1
B17: Crédito 2
B18: Credito 3
B19: b2) Títulos y Valores
B20: b3) Arrendamientos Financieros
A21: 2. Otros Pasivos | C21: 7.1627786e+08 | D21: 0 | E21: =+C21-G21 -> -3.6254949e+08 | F21: 0 | G21: 1078827350 | H21: 0 | I21: 0
A25: 3. Total de la Deuda Pública y Otros Pasivos (3=1+2) | C25: =+C9+C21 -> 7.1627786e+08 | D25: =+D9+D21 -> 0 | E25: =+E9+E21 -> -3.6254949e+08 | F25: =+F9+F21 -> 0 | G25: =+G9+G21 -> 1078827350 | H25: =+H9+H21 -> 0 | I25: =+I9+I21 -> 0
A27: 4. Deuda Contingente 1 (informativo)
A29: 5. Valor de Instrumentos Bono Cupón Cero 2 (Informativo)
A31: 1. Se refiere a cualquier Financiamiento sin fuente o garantía de pago definida, que sea asumida de manera solidaria o subsidiaria por las Entidades Federativas con sus Municipios, organismos descentralizados y empresas de participación estatal mayoritaria y fideicomisos, locales o municipales, y por los Municipios con sus respectivos organismos descentralizados y empresas de participación municipal mayoritaria.
A32: 2. Se refiere al valor del Bono Cupón Cero que respalda el pago de los créditos asociados al mismo (Activo).
A33: Obligaciones a Corto Plazo (k) | B33: Monto | C33: Plazo | D33: Tasa de Interés | E33: Comisiones y Costos Relacionados (o) | F33: Tasa Efectiva
B34: Contratado (l) | C34: Pactado | D34: (n) | F34: (p)
C35: (m)
A36: 6. Obligaciones a Corto Plazo (Informativo)
A37: A. Credito 1
A38: B. Crédito 2
A39: C. Crédito XX
A40: FUENTE: Elaborados con información del CONAC. Criterios para la elaboración y presentación homogénea de la información financiera y de los formatos a que hace referencia la Ley de Disciplina Financiera de las Entidades Federativas y los Municipios.

Sheet F3. IAODF
A1: Formato 3 | B1: Informe Analítico de Obligaciones Diferentes de Financiamientos - LDF
A3: Servicios de Salud de Durango
A4: Informe Analítico de Obligaciones Diferentes de Financiamientos – LDF
A5: Del 1 de enero al 31 de dicimebre de 2022
A6: (PESOS)
A7: Denominación de las Obligaciones Diferentes de Financiamiento (c) | B7: Fecha del Contrato (d) | C7: Fecha de inicio de operación del proyecto (e) | D7: Fecha de vencimiento (f) | E7: Monto de la inversión pactado (g) | F7: Plazo pactado (h) | G7: Monto promedio mensual del pago de la contraprestación (i) | H7: Monto promedio mensual del pago de la contraprestación correspondiente al pago de inversión (j) | I7: Monto pagado de la inversión al 30 de septiembre de 2019 (k) | J7: Monto pagado de la inversión actualizado al 30 de septiembre de 2019 (l) | K7: Saldo pendiente por pagar de la inversión al 30 de septiembre de 2019 (m = g – l)
A9: A. Asociaciones Público Privadas (APP’s) (A=a+b+c+d) | E9: =+E10+E11+E12+E13 -> 0 | I9: =+I10+I11+I12+I13 -> 0 | J9: =+J10+J11+J12+J13 -> 0 | K9: =+K10+K11+K12+K13 -> 0
A10: a) APP 1
A11: b) APP 2
A12: c) APP 3
A13: d) APP XX
A15: B. Otros Instrumentos (B=a+b+c+d) | E15: =+E16+E17+E18+E19 -> 0 | K15: =+K16+K17+K18+K19 -> 0
A16: a) Otro Instrumento 1
A17: b) Otro Instrumento 2
A18: c) Otro Instrumento 3
A19: d) Otro Instrumento XX
A21: C. Total de Obligaciones Diferentes de Financiamiento (C=A+B) | E21: =+E9+E15 -> 0 | K21: =+K9+K15 -> 0

Sheet F4. BALPRESUP
D3: Servicios de Salud de Durango
D4: Balance Presupuestario - LDF
D5: Del 1 de enero al 30 de septiembre de 2022 (b)
D6: (PESOS)
D8: Concepto (c) | E8: Estimado/ Aprobado (d) | F8: Devengado | G8: Recaudado/ Pagado
D9: A. Ingresos Totales (A = A1+A2+A3) | E9: =+E10+E11+E12 -> 2973031850 | F9: =+F10+F11+F12 -> 4.4123347e+09 | G9: =+G10+G11+G12 -> 4.2321849e+09
D10: A1. Ingresos de Libre Disposición | E10: =+E39 -> 251478066 | F10: =+F39 -> 5.8639933e+08 | G10: =+G39 -> 4.4388955e+08
D11: A2. Transferencias Federales Etiquetadas | E11: =+E49 -> 2721553784 | F11: =+F49 -> 3.8259353e+09 | G11: =+G49 -> 3.7882953e+09
D12: A3. Financiamiento Neto | E12: =+E36 -> 0 | F12: =+F36 -> 0 | G12: =+G36 -> 0
D13: B. Egresos Presupuestarios1 (B = B1+B2) | E13: =+E14+E15 -> 2973031850 | F13: =+F14+F15 -> 4.3781241e+09 | G13: =+G14+G15 -> 3.8529154e+09
D14: B1. Gasto No Etiquetado (sin incluir Amortización de la Deuda Pública) | E14: =+'F6a. EAEPE OG'!D10 -> 251478066 | F14: ='F6a. EAEPE OG'!G10 -> 5.7116228e+08 | G14: ='F6a. EAEPE OG'!H10 -> 3.9563173e+08
D15: B2. Gasto Etiquetado (sin incluir Amortización de la Deuda Pública) | E15: =+E53 -> 2721553784 | F15: =+F53 -> 3.8069618e+09 | G15: =+G53 -> 3.4572837e+09
D16: C. Remanentes del Ejercicio Anterior ( C = C1 + C2 ) | E16: =+E17+E18 -> 0 | F16: =+F17+F18 -> 0 | G16: =+G17+G18 -> 0
D17: C1. Remanentes de Ingresos de Libre Disposición aplicados en el periodo | E17: 0 | F17: 0 | G17: 0
D18: C2. Remanentes de Transferencias Federales Etiquetadas aplicados en el periodo | E18: 0 | F18: 0 | G18: 0
D19: I. Balance Presupuestario (I = A – B + C) | E19: =+E9-E13+E16 -> 0 | F19: =+F9-F13+F16 -> 34210551 | G19: =+G9-G13+G16 -> 3.7926945e+08
D20: II. Balance Presupuestario sin Financiamiento Neto (II = I - A3) | E20: =+E19-E36 -> 0 | F20: =+F19-F36 -> 34210551 | G20: =+G19-G36 -> 3.7926945e+08
D21: III. Balance Presupuestario sin Financiamiento Neto y sin Remanentes del Ejercicio Anterior (III= II - C) | E21: =+E20-E16 -> 0 | F21: =+F20-F16 -> 34210551 | G21: =+G20-G16 -> 3.7926945e+08
D23: Concepto | E23: Aprobado | F23: Devengado | G23: Pagado
D24: E. Intereses, Comisiones y Gastos de la Deuda (E = E1+E2) | E24: =+E25+E26 -> 0 | F24: =+F25+F26 -> 0 | G24: =+G25+G26 -> 0
D25: E1. Intereses, Comisiones y Gastos de la Deuda con Gasto No Etiquetado | E25: =+'F6a. EAEPE OG'!D75-'F6a. EAEPE OG'!D76 -> 0 | F25: 0 | G25: 0
D26: E2. Intereses, Comisiones y Gastos de la Deuda con Gasto Etiquetado | E26: =+'F6a. EAEPE OG'!D147 -> 0 | F26: =+'F6a. EAEPE OG'!G148 -> 0 | G26: =+'F6a. EAEPE OG'!H148 -> 0
D27: IV. Balance Primario (IV = III + E) | E27: =+E21+E24 -> 0 | F27: =+F21+F24 -> 34210551 | G27: =+G21+G24 -> 3.7926945e+08
D29: Concepto | E29: Estimado/ Aprobado | F29: Devengado | G29: Recaudado/ Pagado
D30: F. Financiamiento (F = F1 + F2) | E30: =+E31+E32 -> 0 | F30: =+F31+F32 -> 0 | G30: =+G31+G32 -> 0
D31: F1. Financiamiento con Fuente de Pago de Ingresos de Libre Disposición | E31: =+'F5. EAID'!B68 -> 0 | F31: =+'F5. EAID'!E68 -> 0 | G31: =+'F5. EAID'!F68 -> 0
D32: F2. Financiamiento con Fuente de Pago de Transferencias Federales Etiquetadas | E32: =+'F5. EAID'!B69 -> 0 | F32: =+'F5. EAID'!E69 -> 0 | G32: =+'F5. EAID'!F69 -> 0
D33: G. Amortización de la Deuda (G = G1 + G2) | E33: =+E34+E35 -> 0 | F33: =+F34+F35 -> 0 | G33: =+G34+G35 -> 0
D34: G1. Amortización de la Deuda Pública con Gasto No Etiquetado | E34: =+'F6a. EAEPE OG'!D76 -> 0 | F34: =+'F6a. EAEPE OG'!G76 -> 0 | G34: =+'F6a. EAEPE OG'!H76 -> 0
D35: G2. Amortización de la Deuda Pública con Gasto Etiquetado | E35: =+'F6a. EAEPE OG'!D149 -> 0 | F35: =+'F6a. EAEPE OG'!G149 -> 0 | G35: =+'F6a. EAEPE OG'!H149 -> 0
D36: A3. Financiamiento Neto (A3 = F – G ) | E36: =+E30-E33 -> 0 | F36: =+F30-F33 -> 0 | G36: =+G30-G33 -> 0
D38: Concepto | E38: Estimado/ Aprobado | F38: Devengado | G38: Recaudado/ Pagado
D39: A1. Ingresos de Libre Disposición | E39: =+'F5. EAID'!B41 -> 251478066 | F39: =+'F5. EAID'!E41 -> 5.8639933e+08 | G39: =+'F5. EAID'!F41 -> 4.4388955e+08
D40: A3.1 Financiamiento Neto con Fuente de Pago de Ingresos de Libre Disposición (A3.1 = F1 – G1) | E40: =+E41-E42 -> 0 | F40: =+F41-F42 -> 0 | G40: =+G41-G42 -> 0
D41: F1. Financiamiento con Fuente de Pago de Ingresos de Libre Disposición | E41: =+'F5. EAID'!B68 -> 0 | F41: =+'F5. EAID'!E68 -> 0 | G41: =+'F5. EAID'!F68 -> 0
D42: G1. Amortización de la Deuda Pública con Gasto No Etiquetado | E42: =+E34 -> 0 | F42: =+F34 -> 0 | G42: =+G34 -> 0
D43: B1. Gasto No Etiquetado (sin incluir Amortización de la Deuda Pública) | E43: =+'F6a. EAEPE OG'!D10-'F6a. EAEPE OG'!D76 -> 251478066 | F43: ='F6a. EAEPE OG'!G10 -> 5.7116228e+08 | G43: =+'F6a. EAEPE OG'!H10-'F6a. EAEPE OG'!H76 -> 3.9563173e+08
D44: C1. Remanentes de Ingresos de Libre Disposición aplicados en el periodo | E44: 0 | F44: 0 | G44: 0
D45: V. Balance Presupuestario de Recursos Disponibles (V = A1 + A3.1 – B 1 + C1) | E45: =+E39+E40-E43+E44 -> 0 | F45: =+F39+F40-F43+F44 -> 15237053 | G45: =+G39+G40-G43+G44 -> 48257818
D46: VI. Balance Presupuestario de Recursos Disponibles sin Financiamiento Neto (VI = V – A3.1) | E46: =+E45-E40 -> 0 | F46: =+F45-F40 -> 15237053 | G46: =+G45-G40 -> 48257818
D48: Concepto | E48: Estimado/ Aprobado | F48: Devengado | G48: Recaudado/ Pagado
D49: A2. Transferencias Federales Etiquetadas | E49: =+'F5. EAID'!B63 -> 2721553784 | F49: =+'F5. EAID'!E63 -> 3.8259353e+09 | G49: =+'F5. EAID'!F63 -> 3.7882953e+09
D50: A3.2 Financiamiento Neto con Fuente de Pago de Transferencias Federales Etiquetadas (A3.2 = F2 – G2) | E50: =+E51-E52 -> 0 | F50: =+F51-F52 -> 0 | G50: =+G51-G52 -> 0
D51: F2. Financiamiento con Fuente de Pago de Transferencias Federales Etiquetadas | E51: =+'F5. EAID'!B69 -> 0 | F51: =+'F5. EAID'!E69 -> 0 | G51: =+'F5. EAID'!F69 -> 0
D52: G2. Amortización de la Deuda Pública con Gasto Etiquetado | E52: =+E35 -> 0 | F52: =+F35 -> 0 | G52: =+G35 -> 0
D53: B2. Gasto Etiquetado (sin incluir Amortización de la Deuda Pública) | E53: =+'F6a. EAEPE OG'!D83-'F6a. EAEPE OG'!D149 -> 2721553784 | F53: ='F6a. EAEPE OG'!G83 -> 3.8069618e+09 | G53: =+'F6a. EAEPE OG'!H83-'F6a. EAEPE OG'!H149 -> 3.4572837e+09
D54: C2. Remanentes de Transferencias Federales Etiquetadas aplicados en el periodo | E54: 0 | F54: 0 | G54: 0
D55: VII. Balance Presupuestario de Recursos Etiquetados (VII = A2 + A3.2 – B2 + C2) | E55: =+E49+E50-E53+E54 -> 0 | F55: =+F49+F50-F53+F54 -> 18973498 | G55: =+G49+G50-G53+G54 -> 3.3101163e+08
D56: VIII. Balance Presupuestario de Recursos Etiquetados sin Financiamiento Neto (VIII = VII – A3.2) | E56: =+E55-E50 -> 0 | F56: =+F55-F50 -> 18973498 | G56: =+G55-G50 -> 3.3101163e+08
D58: FUENTE: Elaborados con información del CONAC. Criterios para la elaboración y presentación homogénea de la información financiera y de los formatos a que hace referencia la Ley de Disciplina Financiera de las Entidades Federativas y los Municipios.
D59: NOTA: Se adjunta archivo con que contiene instructivo de llenado de los formatos “Cuadros CONAC Criterios”
D60: C. Remanentes de Ingresos aplicados en el período.- En este rubro se incluirá el gasto realizado con recursos disponibles de ejercicios anteriores, los cuales deberan estar contemplados en en Bancos al cierre del ejercicio anterior.

Sheet F5. EAID
A1: CUADRO 6
A2: Servicios de Salud de Durango
A3: Estado Analitico de ingresos Detallado - LDF
A4: Del 1 de enero al 31 de diciembre de 2022
A5: (Pesos)
A7: Concepto ( c) | B7: Ingresos | G7: Diferencia ( e)
B8: Estimado (d) | C8: Ampliaciones/ (Reducciones) | D8: Modificado | E8: Devengado | F8: Recaudado
A9: Ingresos de Libre Disposición
A10: A. Impuestos | B10: 0 | C10: 0 | D10: 0 | E10: 0 | F10: 0 | G10: 0
A11: B. Cuotas y Aportaciones de Seguridad Social | B11: 0 | C11: 0 | D11: 0 | E11: 0 | F11: 0 | G11: 0
A12: C. Contribuciones de mejoras | B12: 0 | C12: 0 | D12: 0 | E12: 0 | F12: 0 | G12: 0
A13: D. Derechos | B13: 0 | C13: 0 | D13: 0 | E13: 0 | F13: 0 | G13: 0
A14: E. Productos | B14: 0 | C14: 84278.59 | D14: 84278.59 | E14: 84278.59 | F14: 84278.59 | G14: 84278.59
A15: F. Aprovechamientos | B15: 0 | C15: 0 | D15: 0 | E15: 0 | F15: 0 | G15: 0
A16: G. Ingresos por Venta de Bienes y Servicios | B16: 0 | C16: 27090354 | D16: 27090354 | E16: 27090354 | F16: 27090354 | G16: 27090354
A17: H. Participaciones (H=h1+h2+h3+h4+h5+h6+h7+h8+h9+h10+h11) | B17: 0 | C17: 0 | D17: 0 | E17: 0 | F17: 0 | G17: 0
A18: h1) Fondo General de Participaciones | B18: 0 | C18: 0 | D18: 0 | E18: 0 | F18: 0 | G18: 0
A19: h2) Fondo de Fomento Municipal | B19: 0 | C19: 0 | D19: 0 | E19: 0 | F19: 0 | G19: 0
A20: h3) Fondo de Fiscalización y Recaudación | B20: 0 | C20: 0 | D20: 0 | E20: 0 | F20: 0 | G20: 0
A21: h4) Fondo de Compensación | B21: 0 | C21: 0 | D21: 0 | E21: 0 | F21: 0 | G21: 0
... A41: I. Total de ingresos de Libre Disposición (I=A+B+C+D+E+F+G+H+I+J+K+L) | B41: 251478066 | C41: 3.3492127e+08 | D41: 5.8639933e+08 | E41: 5.8639933e+08 | F41: 4.4388955e+08 | G41: 1.9241148e+08
A42: Ingresos Excedentes de Ingresos de Libre Disposición
A43: Transferencias Federales Etiquetadas
A44: A. Aportaciones (A=a1+a2+a3+a4+a5+a6+a7+a8) | B44: 0 | C44: 0 | D44: 0 | E44: 0 | F44: 0 | G44: 0
A45: a1) Fondo de Aportaciones para la Nómina Educativa y Gasto Operativo | B45: 0 | C45: 0 | D45: 0 | E45: 0 | F45: 0 | G45: 0
A46: a2) Fondo de Aportaciones para los Servicios de Salud | B46: 0 | C46: 0 | D46: 0 | E46: 0 | F46: 0 | G46: 0
A47: a3) Fondo de Aportaciones para la Infraestructura Social | B47: 0 | C47: 0 | D47: 0 | E47: 0 | F47: 0 | G47: 0
A48: a4) Fondo de Aportaciones para el Fortalecimiento de los Municipios y de las Demarcaciones Territoriales del Distrito Federal | B48: 0 | C48: 0 | D48: 0 | E48: 0 | F48: 0 | G48: 0
A49: a5) Fondo de Aportaciones Múltiples | B49: 0 | C49: 0 | D49: 0 | E49: 0 | F49: 0 | G49: 0
A50: a6) Fondo de Aportaciones Para la Educación Tecnológica y de Adultos | B50: 0 | C50: 0 | D50: 0 | E50: 0 | F50: 0 | G50: 0
A51: a7) Fondo de Aportaciones para la Seguridad Publica de los Estados y del Distrito Federal | B51: 0 | C51: 0 | D51: 0 | E51: 0 | F51: 0 | G51: 0
A52: a8) Fondo de Aportaciones para el Fortalecimiento de las Entidades Federativas | B52: 0 | C52: 0 | D52: 0 | E52: 0 | F52: 0 | G52: 0
A53: B. Convenios (B=b1+b2+b3+b4) | B53: 0 | C53: 0 | D53: 0 | E53: 0 | F53: 0 | G53: 0
A54: b1) Convenios de Protección social en Salud | B54: 0 | C54: 0 | D54: 0 | E54: 0 | F54: 0 | G54: 0
A55: b2) Convenios de Descentralización | B55: 0 | C55: 0 | D55: 0 | E55: 0 | F55: 0 | G55: 0
... A70: 3. Ingresos Derivados de financiamientos (3=1+2) | B70: 0 | C70: 0 | D70: 0 | E70: 0 | F70: 0 | G70: 0
A71: FUENTE: Elaborados con información del CONAC. Criterios para la elaboracion y presentación homogénea de la información financiera y de los formatos a que hace referencia la Ley de Disciplina Financiera de las Entidades Federativas y los Municipios.
A72: NOTA: Ingresos Excedentes de Ingresos de Libre Disposición.- En este rubro representa la suma de los Ingresos que se han registrado adicional al Ingreso Estimado.
A73: NOTA: En el caso que los Organismos reciban recursos del Ramo 33, estos deberán reflejarse como Transferencias, y no dentro del Fondo de Aportaciones del Ramo 33 correspondiente, unicamente el poder Ejecutivo es quin lo reflejara como Aportaciones.

Sheet F6a. EAEPE OG
B2: Servicios de Salud de Durango
B3: Estado Analítico del Ejercicio del Presupuesto de Egresos Detallado - LDF
B4: Clasificación por Objeto del Gasto (Capítulo y Concepto)
B5: Del 1 de enero al 31 de diciembre de 2022
B7: Concepto | I7: Subejercicio
D8: Aprobado | E8: Ampliaciones/ (Reducciones) | F8: Modificado | G8: Devengado | H8: Pagado
D9: 1 | E9: 2 | F9: 3 = ( 1+2 ) | G9: 4 | H9: 5 | I9: 6 = ( 3-4 )
B10: I. Gasto No Etiquetado | D10: =+D11+D19+D29+D39+D49+D59+D63+D71+D75 -> 251478066 | E10: 3.3492127e+08 | F10: =+F11+F19+F29+F39+F49+F59+F63+F71+F75 -> 5.8639933e+08 | G10: =+G11+G19+G29+G39+G49+G59+G63+G71+G75 -> 5.7116228e+08 | H10: =+H11+H19+H29+H39+H49+H59+H63+H71+H75 -> 3.9563173e+08 | I10: =+I11+I19+I29+I39+I49+I59+I63+I71+I75 -> 15237053
B11: A. Servicios Personales | D11: =SUM(D12:D18) -> 103086210 | E11: 52728045 | F11: =SUM(F12:F18) -> 1.5581425e+08 | G11: =SUM(G12:G18) -> 1.5576427e+08 | H11: =SUM(H12:H18) -> 1.3106037e+08 | I11: =SUM(I12:I18) -> 49982.02
B12: a1) | C12: Remuneraciones al Personal de Carácter Permanente | D12: 0 | E12: 0 | F12: 0 | G12: 0 | H12: 0 | I12: =+F12-G12 -> 0
B13: a2) | C13: Remuneraciones al Personal de Carácter Transitorio | D13: 41200000 | E13: 1878174.4 | F13: 43078174 | G13: 43072678 | H13: 42998345 | I13: =+F13-G13 -> 5496.28
B14: a3) | C14: Remuneraciones Adicionales y Especiales | D14: 20000000 | E14: 12272545 | F14: 32272545 | G14: 32272545 | H14: 32270064 | I14: =+F14-G14 -> 0
B15: a4) | C15: Seguridad Social | D15: 0 | E15: 1750214 | F15: 1750214 | G15: 1750214 | H15: 1685570.2 | I15: =+F15-G15 -> 0
B16: a5) | C16: Otras Prestaciones Sociales y Económicas | D16: 20000000 | E16: 56924520 | F16: 76924520 | G16: 76880034 | H16: 52317589 | I16: =+F16-G16 -> 44485.74
B17: a6) | C17: Previsiones | D17: 21886210 | E17: -21886210 | F17: 0 | G17: 0 | H17: 0 | I17: =+F17-G17 -> 0
B18: a7) | C18: Pago de Estímulos a Servidores Públicos | D18: 0 | E18: 1788801.8 | F18: 1788801.8 | G18: 1788801.8 | H18: 1788801.8 | I18: =+F18-G18 -> 0
B19: B. Materiales y Suministros | D19: =SUM(D20:D28) -> 130471180 | E19: -74174871 | F19: =SUM(F20:F28) -> 56296309 | G19: =SUM(G20:G28) -> 56048551 | H19: =SUM(H20:H28) -> 46811409 | I19: =SUM(I20:I28) -> 247758.5
B20: b1) | C20: Materiales de Administración Emisión de Documentos y Artículos Oficiales | D20: 0 | E20: 1981118.8 | F20: 1981118.8 | G20: 1981118.8 | H20: 1451497.1 | I20: =+F20-G20 -> 0
B21: b2) | C21: Alimentos y Utensilios | D21: 0 | E21: 1002035.3 | F21: 1002035.3 | G21: 1002035.3 | H21: 945159.75 | I21: =+F21-G21 -> 0
B22: b3) | C22: Materias Primas y Materiales de Producción y Comercialización | D22: 0 | E22: 0 | F22: 0 | G22: 0 | H22: 0 | I22: =+F22-G22 -> 0
B23: b4) | C23: Materiales y Artículos de Construcción y de Reparación | D23: 0 | E23: 93819.56 | F23: 93819.56 | G23: 93819.56 | H23: 93819.56 | I23: =+F23-G23 -> 0
B24: b5) | C24: Productos Químicos, Farmacéuticos y de Laboratorio | D24: 130471180 | E24: -81562270 | F24: 48908910 | G24: 48670345 | H24: 41589950 | I24: =+F24-G24 -> 238565.34
B25: b6) | C25: Combustibles, Lubricantes y Aditivos | D25: 0 | E25: 1204605.6 | F25: 1204605.6 | G25: 1198205.4 | H25: 1139621.9 | I25: =+F25-G25 -> 6400.16
B26: b7) | C26: Vestuario, Blancos, Prendas de Protección y Artículos Deportivos | D26: 0 | E26: 2437079 | F26: 2437079 | G26: 2434286 | H26: 1108256.5 | I26: =+F26-G26 -> 2793
B27: b8) | C27: Materiales y Suministros para Seguridad | D27: 0 | E27: 0 | F27: 0 | G27: 0 | H27: 0 | I27: =+F27-G27 -> 0
B28: b9) | C28: Herramientas, Refacciones y Accesorios Menores | D28: 0 | E28: 668741 | F28: 668741 | G28: 668741 | H28: 483103.88 | I28: =+F28-G28 -> 0
B29: C. Servicios Generales | D29: =SUM(D30:D38) -> 4694279 | E29: 1.8265288e+08 | F29: =SUM(F30:F38) -> 1.8734716e+08 | G29: =SUM(G30:G38) -> 1.7244985e+08 | H29: =SUM(H30:H38) -> 1.0146887e+08 | I29: =SUM(I30:I38) -> 14897312
B30: c1) | C30: Servicios Básicos | D30: 0 | E30: 541260.14 | F30: 541260.14 | G30: 541260.14 | H30: 541260.14 | I30: =+F30-G30 -> 0
B31: c2) | C31: Servicios de Arrendamiento | D31: 1200000 | E31: 907620.13 | F31: 2107620.1 | G31: 2106530.1 | H31: 1543484.7 | I31: =+F31-G31 -> 1090
B32: c3) | C32: Servicios Profesionales, Científicos, Técnicos y Otros Servicios | D32: 2673460 | E32: 31921938 | F32: 34595398 | G32: 33098693 | H32: 27911124 | I32: =+F32-G32 -> 1496704.7
B33: c4) | C33: Servicios Financieros, Bancarios y Comerciales | D33: 0 | E33: 13508738 | F33: 13508738 | G33: 323419.79 | H33: 12293.68 | I33: =+F33-G33 -> 13185318
B34: c5) | C34: Servicios de Instalación, Reparación, Mantenimiento y Conservación | D34: 820819 | E34: 1.0436501e+08 | F34: 1.0518583e+08 | G34: 1.0499023e+08 | H34: 47195116 | I34: =+F34-G34 -> 195599.2
B35: c6) | C35: Servicios de Comunicación Social y Publicidad | D35: 0 | E35: 0 | F35: 0 | G35: 0 | H35: 0 | I35: =+F35-G35 -> 0
B36: c7) | C36: Servicios de Traslado y Viáticos | D36: 0 | E36: 2504997.1 | F36: 2504997.1 | G36: 2497997.1 | H36: 2484057.1 | I36: =+F36-G36 -> 7000
B37: c8) | C37: Servicios Oficiales | D37: 0 | E37: 2003625.8 | F37: 2003625.8 | G37: 1992025.8 | H37: 1887122.8 | I37: =+F37-G37 -> 11600
B38: c9) | C38: Otros Servicios Generales | D38: 0 | E38: 26899687 | F38: 26899687 | G38: 26899687 | H38: 19894412 | I38: =+F38-G38 -> 0
B39: D. Transferencias, Asignaciones, Subsidios y Otras Ayudas | D39: =SUM(D40:D48) -> 7800000 | E39: 681738.81 | F39: =SUM(F40:F48) -> 8481738.8 | G39: =SUM(G40:G48) -> 8439738.8 | H39: =SUM(H40:H48) -> 7047891.5 | I39: =SUM(I40:I48) -> 42000
B40: d1) | C40: Transferencias Internas y Asignaciones al Sector Publico | D40: 0 | E40: 0 | F40: 0 | G40: 0 | H40: 0 | I40: =+F40-G40 -> 0
B41: d2) | C41: Transferencias al Resto del Sector Publico | D41: 0 | E41: 0 | F41: 0 | G41: 0 | H41: 0 | I41: =+F41-G41 -> 0
B42: d3) | C42: Subsidios y Subvenciones | D42: 7800000 | E42: 681738.81 | F42: 8481738.8 | G42: 8439738.8 | H42: 7047891.5 | I42: =+F42-G42 -> 42000
B43: d4) | C43: Ayudas Sociales | D43: 0 | E43: 0 | F43: 0 | G43: 0 | H43: 0 | I43: =+F43-G43 -> 0
B44: d5) | C44: Pensiones y Jubilaciones | D44: 0 | E44: 0 | F44: 0 | G44: 0 | H44: 0 | I44: =+F44-G44 -> 0
B45: d6) | C45: Transferencias a Fideicomisos Mandatos y Otros Análogos | D45: 0 | E45: 0 | F45: 0 | G45: 0 | H45: 0 | I45: =+F45-G45 -> 0
B46: d7) | C46: Transferencias a la Seguridad Social | D46: 0 | E46: 0 | F46: 0 | G46: 0 | H46: 0 | I46: =+F46-G46 -> 0
B47: d8) | C47: Donativos | D47: 0 | E47: 0 | F47: 0 | G47: 0 | H47: 0 | I47: =+F47-G47 -> 0
B48: d9) | C48: Transferencias al Exterior | D48: 0 | E48: 0 | F48: 0 | G48: 0 | H48: 0 | I48: =+F48-G48 -> 0
B49: E. Bienes Muebles | D49: =SUM(D50:D58) -> 426397 | E49: 1.3634758e+08 | F49: =SUM(F50:F58) -> 1.3677397e+08 | G49: =SUM(G50:G58) -> 1.3677397e+08 | H49: =SUM(H50:H58) -> 67884291 | I49: =SUM(I50:I58) -> 0.09
B50: e1) | C50: Mobiliario y Equipo de Administración | D50: 0 | E50: 19290785 | F50: 19290785 | G50: 19290785 | H50: 9947524.7 | I50: =+F50-G50 -> 0
B51: e2) | C51: Mobiliario y Equipo Educacional y Recreativo | D51: 0 | E51: 0 | F51: 0 | G51: 0 | H51: 0 | I51: =+F51-G51 -> 0
B52: e3) | C52: Equipo e Instrumental Médico y de Laboratorio | D52: 426397 | E52: 96653245 | F52: 97079642 | G52: 97079642 | H52: 47494296 | I52: =+F52-G52 -> 0
B53: e4) | C53: Vehículos y Equipo de Transporte | D53: 0 | E53: 5442470 | F53: 5442470 | G53: 5442470 | H53: 5442470 | I53: =+F53-G53 -> 0
B54: e5) | C54: Equipo de Defensa y Seguridad | D54: 0 | E54: 0 | F54: 0 | G54: 0 | H54: 0 | I54: =+F54-G54 -> 0
B55: e6) | C55: Maquinaria, Otros Equipos y Herramientas | D55: 0 | E55: 14961077 | F55: 14961077 | G55: 14961077 | H55: 5000000 | I55: =+F55-G55 -> 0.09
B56: e7) | C56: Activos Biológicos | D56: 0 | E56: 0 | F56: 0 | G56: 0 | H56: 0 | I56: =+F56-G56 -> 0
B57: e8) | C57: Bienes Inmuebles | D57: 0 | E57: 0 | F57: 0 | G57: 0 | H57: 0 | I57: =+F57-G57 -> 0
B58: e9) | C58: Activos Intangibles | D58: 0 | E58: 0 | F58: 0 | G58: 0 | H58: 0 | I58: =+F58-G58 -> 0
B59: F. Inversión Publica | D59: =SUM(D60:D62) -> 5000000 | E59: 11473584 | F59: =SUM(F60:F62) -> 16473584 | G59: =SUM(G60:G62) -> 16473584 | H59: =SUM(H60:H62) -> 16146584 | I59: =SUM(I60:I62) -> 0
B60: f1) | C60: Obra Publica en Bienes de Dominio Publico | D60: 0 | E60: 0 | F60: 0 | G60: 0 | H60: 0 | I60: =+F60-G60 -> 0
B61: f2) | C61: Obra Publica en Bienes Propios | D61: 5000000 | E61: 11473584 | F61: 16473584 | G61: 16473584 | H61: 16146584 | I61: =+F61-G61 -> 0
B62: f3) | C62: Proyectos Productivos y Acciones de Fomento | D62: 0 | E62: 0 | F62: 0 | G62: 0 | H62: 0 | I62: =+F62-G62 -> 0
B63: G. Inversiones Financieras y Otras Provisiones | D63: =SUM(D64:D70) -> 0 | E63: 0 | F63: =SUM(F64:F70) -> 0 | G63: =SUM(G64:G70) -> 0 | H63: =SUM(H64:H70) -> 0 | I63: =SUM(I64:I70) -> 0
B64: g1) | C64: Inversiones para el fomento de Actividades Productivas | D64: 0 | E64: 0 | F64: 0 | G64: 0 | H64: 0 | I64: =+F64-G64 -> 0
B65: g2) | C65: Acciones y Participaciones de Capital | D65: 0 | E65: 0 | F65: 0 | G65: 0 | H65: 0 | I65: =+F65-G65 -> 0
B66: g3) | C66: Compra de Títulos y Valores | D66: 0 | E66: 0 | F66: 0 | G66: 0 | H66: 0 | I66: =+F66-G66 -> 0
B67: g4) | C67: Concesión de Préstamos | D67: 0 | E67: 0 | F67: 0 | G67: 0 | H67: 0 | I67: =+F67-G67 -> 0
B68: g5) | C68: Inversiones en Fideicomisos, Mandatos y Otros Análogos | D68: 0 | E68: 0 | F68: 0 | G68: 0 | H68: 0 | I68: =+F68-G68 -> 0
B69: g6) | C69: Otras Inversiones Financieras | D69: 0 | E69: 0 | F69: 0 | G69: 0 | H69: 0 | I69: =+F69-G69 -> 0
B70: g7) | C70: Provisiones para Contingencias y Otras Erogaciones Especiales | D70: 0 | E70: 0 | F70: 0 | G70: 0 | H70: 0 | I70: =+F70-G70 -> 0
B71: H. Participaciones y Aportaciones | D71: =SUM(D72:D74) -> 0 | E71: 0 | F71: =SUM(F72:F74) -> 0 | G71: =SUM(G72:G74) -> 0 | H71: =SUM(H72:H74) -> 0 | I71: =SUM(I72:I74) -> 0
B72: h1) | C72: Participaciones | D72: 0 | E72: 0 | F72: 0 | G72: 0 | H72: 0 | I72: =+F72-G72 -> 0
B73: h2) | C73: Aportaciones | D73: 0 | E73: 0 | F73: 0 | G73: 0 | H73: 0 | I73: =+F73-G73 -> 0
B74: h3) | C74: Convenios | D74: 0 | E74: 0 | F74: 0 | G74: 0 | H74: 0 | I74: =+F74-G74 -> 0
B75: I. Deuda Publica | D75: =SUM(D76:D82) -> 0 | E75: 25212314 | F75: =SUM(F76:F82) -> 25212314 | G75: =SUM(G76:G82) -> 25212314 | H75: =SUM(H76:H82) -> 25212314 | I75: =SUM(I76:I82) -> 0
B76: i1) | C76: Amortización de la Deuda Publica | D76: 0 | E76: 0 | F76: 0 | G76: 0 | H76: 0 | I76: =+F76-G76 -> 0
B77: i2) | C77: Intereses de la Deuda Publica | D77: 0 | E77: 0 | F77: 0 | G77: 0 | H77: 0 | I77: =+F77-G77 -> 0
B78: i3) | C78: Comisiones de la Deuda Pública | D78: 0 | E78: 0 | F78: 0 | G78: 0 | H78: 0 | I78: =+F78-G78 -> 0
B79: i4) | C79: Gastos de la Deuda Pública | D79: 0 | E79: 0 | F79: 0 | G79: 0 | H79: 0 | I79: =+F79-G79 -> 0
B80: i5) | C80: Costo por Coberturas | D80: 0 | E80: 0 | F80: 0 | G80: 0 | H80: 0 | I80: =+F80-G80 -> 0
B81: i6) | C81: Apoyos Financieros | D81: 0 | E81: 0 | F81: 0 | G81: 0 | H81: 0 | I81: =+F81-G81 -> 0
B82: i7) | C82: Adeudos de Ejercicios Fiscales Anteriores (Adefas) | D82: 0 | E82: 25212314 | F82: 25212314 | G82: 25212314 | H82: 25212314 | I82: =+F82-G82 -> 0
B83: II. Gasto Etiquetado | D83: =+D84+D92+D102+D112+D122+D132+D136+D144+D148 -> 2721553784 | E83: 1.1046449e+09 | F83: =+F84+F92+F102+F112+F122+F132+F136+F144+F148 -> 3.8261987e+09 | G83: =+G84+G92+G102+G112+G122+G132+G136+G144+G148 -> 3.8069618e+09 | H83: =+H84+H92+H102+H112+H122+H132+H136+H144+H148 -> 3.4572837e+09 | I83: =+I84+I92+I102+I112+I122+I132+I136+I144+I148 -> 19236853
B84: A. Servicios Personales | D84: =SUM(D85:D91) -> 1593663908 | E84: 1.0641074e+09 | F84: =SUM(F85:F91) -> 2.6577713e+09 | G84: =SUM(G85:G91) -> 2.6551395e+09 | H84: =SUM(H85:H91) -> 2.6354171e+09 | I84: =SUM(I85:I91) -> 2631822.1
B85: a1) | C85: Remuneraciones al Personal de Carácter Permanente | D85: 542168417 | E85: 3.0323931e+08 | F85: 8.4540773e+08 | G85: 8.4540773e+08 | H85: 8.4510627e+08 | I85: =+F85-G85 -> 0
B86: a2) | C86: Remuneraciones al Personal de Carácter Transitorio | D86: 2850852 | E86: 1.9709311e+08 | F86: 1.9994396e+08 | G86: 1.9737244e+08 | H86: 1.973678e+08 | I86: =+F86-G86 -> 2571523.5
B87: a3) | C87: Remuneraciones Adicionales y Especiales | D87: 378990183 | E87: 2.0961902e+08 | F87: 5.8860921e+08 | G87: 5.8860921e+08 | H87: 5.8848199e+08 | I87: =+F87-G87 -> 0
B88: a4) | C88: Seguridad Social | D88: 167232370 | E88: 42475367 | F88: 2.0970774e+08 | G88: 2.0970774e+08 | H88: 2.0657101e+08 | I88: =+F88-G88 -> 0
B89: a5) | C89: Otras Prestaciones Sociales y Económicas | D89: 454405610 | E89: 2.8080882e+08 | F89: 7.3521443e+08 | G89: 7.3515413e+08 | H89: 7.1904208e+08 | I89: =+F89-G89 -> 60298.66
B90: a6) | C90: Previsiones | D90: 0 | E90: 0 | F90: 0 | G90: 0 | H90: 0 | I90: =+F90-G90 -> 0
B91: a7) | C91: Pago de Estímulos a Servidores Públicos | D91: 48016476 | E91: 30871776 | F91: 78888252 | G91: 78888252 | H91: 78847977 | I91: =+F91-G91 -> 0
B92: B. Materiales y Suministros | D92: =SUM(D93:D101) -> 235197393 | E92: 4.2085062e+08 | F92: =SUM(F93:F101) -> 6.5604802e+08 | G92: =SUM(G93:G101) -> 6.5527297e+08 | H92: =SUM(H93:H101) -> 5.1192306e+08 | I92: =SUM(I93:I101) -> 775050.77
B93: b1) | C93: Materiales de Administración Emisión de Documentos y Artículos Oficiales | D93: 23575031 | E93: 11668290 | F93: 35243321 | G93: 35219793 | H93: 29426153 | I93: =+F93-G93 -> 23527.95
B94: b2) | C94: Alimentos y Utensilios | D94: 4594766 | E94: 1548054.6 | F94: 6142820.6 | G94: 6142290.6 | H94: 5511105.7 | I94: =+F94-G94 -> 530
B95: b3) | C95: Materias Primas y Materiales de Producción y Comercialización | D95: 0 | E95: 0 | F95: 0 | G95: 0 | H95: 0 | I95: =+F95-G95 -> 0
B96: b4) | C96: Materiales y Artículos de Construcción y de Reparación | D96: 2655386 | E96: -1250386.6 | F96: 1404999.4 | G96: 1404999.4 | H96: 1253450.9 | I96: =+F96-G96 -> 0
B97: b5) | C97: Productos Químicos, Farmacéuticos y de Laboratorio | D97: 163873764 | E97: 4.0013737e+08 | F97: 5.6401113e+08 | G97: 5.6335306e+08 | H97: 4.447127e+08 | I97: =+F97-G97 -> 658078.82
B98: b6) | C98: Combustibles, Lubricantes y Aditivos | D98: 30552304 | E98: -6238854.1 | F98: 24313450 | G98: 24220887 | H98: 21682664 | I98: =+F98-G98 -> 92562.78
B99: b7) | C99: Vestuario, Blancos, Prendas de Protección y Artículos Deportivos | D99: 8549908 | E99: 6817477.7 | F99: 15367386 | G99: 15367091 | H99: 2429373.7 | I99: =+F99-G99 -> 294.22
B100: b8) | C100: Materiales y Suministros para Seguridad | D100: 0 | E100: 0 | F100: 0 | G100: 0 | H100: 0 | I100: =+F100-G100 -> 0
B101: b9) | C101: Herramientas, Refacciones y Accesorios Menores | D101: 1396234 | E101: 8168671.3 | F101: 9564905.3 | G101: 9564848.3 | H101: 6907610 | I101: =+F101-G101 -> 57
B102: C. Servicios Generales | D102: =SUM(D103:D111) -> 217058555 | E102: 2.008768e+08 | F102: =SUM(F103:F111) -> 4.1793536e+08 | G102: =SUM(G103:G111) -> 4.0218818e+08 | H102: =SUM(H103:H111) -> 2.6975738e+08 | I102: =SUM(I103:I111) -> 15747171
...

Sheet F6b. EAEPE ADMVA
A1: Servicios de Salud de Durango
A2: Estado Analítico del Ejercicio del Presupuesto de Egresos - LDF
A3: Clasificación Administrativa
A4: ='F5. EAID'!A4:G4 -> Del 1 de enero al 31 de diciembre de 2022
A5: (Pesos)
A7: Concepto | B7: Egresos | G7: Subejercicio
B8: Aprobado | C8: Ampliaciones/ (Reducciones) | D8: Modificado | E8: Devengado | F8: Pagado
A9: I. Gasto No Etiquetado | B9: =SUM(B10:B16) -> 251478066 | C9: =SUM(C10:C16) -> 3.3492127e+08 | D9: =SUM(D10:D16) -> 5.8639933e+08 | E9: =SUM(E10:E16) -> 5.7116228e+08 | F9: =SUM(F10:F16) -> 3.9563173e+08 | G9: =SUM(G10:G16) -> 15237053
A10: SERVICIOS DE SALUD DE DURANGO | B10: =+'F6a. EAEPE OG'!D10 -> 251478066 | C10: =+'F6a. EAEPE OG'!E10 -> 3.3492127e+08 | D10: =+'F6a. EAEPE OG'!F10 -> 5.8639933e+08 | E10: =+'F6a. EAEPE OG'!G10 -> 5.7116228e+08 | F10: =+'F6a. EAEPE OG'!H10 -> 3.9563173e+08 | G10: =+'F6a. EAEPE OG'!I10 -> 15237053
A18: II. Gasto Etiquetado (II=A+B+C+D+E+F+G+H) | B18: =SUM(B19:B25) -> 2721553784 | C18: =SUM(C19:C25) -> 1.1046449e+09 | D18: =SUM(D19:D25) -> 3.8261987e+09 | E18: =SUM(E19:E25) -> 3.8069618e+09 | F18: =SUM(F19:F25) -> 3.4572837e+09 | G18: =SUM(G19:G25) -> 19236853
A19: SERVICIOS DE SALUD DE DURANGO | B19: ='F6a. EAEPE OG'!D83 -> 2721553784 | C19: ='F6a. EAEPE OG'!E83 -> 1.1046449e+09 | D19: ='F6a. EAEPE OG'!F83 -> 3.8261987e+09 | E19: ='F6a. EAEPE OG'!G83 -> 3.8069618e+09 | F19: ='F6a. EAEPE OG'!H83 -> 3.4572837e+09 | G19: ='F6a. EAEPE OG'!I83 -> 19236853
A27: III. Total de Egresos | B27: =+B9+B18 -> 2973031850 | C27: =+C9+C18 -> 1.4395662e+09 | D27: =+D9+D18 -> 4.412598e+09 | E27: =+E9+E18 -> 4.3781241e+09 | F27: =+F9+F18 -> 3.8529154e+09 | G27: =+G9+G18 -> 34473905

Sheet F6c. EAEPE FUNCION
B1: Servicios de Salud de Durango
B2: Estado Analítico del Ejercicio del Presupuesto de Egresos Detallado - LDF
B3: Clasificación Funcional (Finalidad y Función)
B4: Del 1 de enero al 31 de diciembre de 2022
B5: (Pesos)
B7: Concepto | D7: Egresos | I7: Subejercicio
D8: Aprobado | E8: Ampliaciones/ Reducciones | F8: Modificado | G8: Devengado | H8: Pagado
B10: I. Gasto No Etiquetado (I=A+B+C+D) | D10: =+D23+D38 -> 251478066 | E10: =+E23+E38 -> 3.3492127e+08 | F10: =+F23+F38 -> 5.8639933e+08 | G10: =+G23+G38 -> 5.7116228e+08 | H10: =+H23+H38 -> 3.9563173e+08 | I10: =+I23+I38 -> 15237053
B11: A. Gobierno (A=a1+a2+a3+a4+a5+a6+a7+a8) | D11: =SUM(D12:D19) -> 0 | E11: =SUM(E12:E19) -> 0 | F11: =SUM(F12:F19) -> 0 | G11: =SUM(G12:G19) -> 0 | H11: =SUM(H12:H19) -> 0 | I11: =SUM(I12:I19) -> 0
C12: a1) Legislación | D12: 0 | E12: 0 | F12: 0 | G12: 0 | H12: 0 | I12: 0
C13: a2) Justicia | D13: 0 | E13: 0 | F13: 0 | G13: 0 | H13: 0 | I13: 0
C14: a3) Coordinación de la Política de Gobierno | D14: 0 | E14: 0 | F14: 0 | G14: 0 | H14: 0 | I14: 0
C15: a4) Relaciones Exteriores | D15: 0 | E15: 0 | F15: 0 | G15: 0 | H15: 0 | I15: 0
C16: a5) Asuntos Financieros y Hacendarios | D16: 0 | E16: 0 | F16: 0 | G16: 0 | H16: 0 | I16: 0
C17: a6) Seguridad Nacional | D17: 0 | E17: 0 | F17: 0 | G17: 0 | H17: 0 | I17: 0
C18: a7) Asuntos de Orden Público y de Seguridad Interior | D18: 0 | E18: 0 | F18: 0 | G18: 0 | H18: 0 | I18: 0
C19: a8) Otros Servicios Generales | D19: 0 | E19: 0 | F19: 0 | G19: 0 | H19: 0 | I19: 0
B20: B. Desarrollo Social (B=b1+b2+b3+b4+b5+b6+b7) | D20: =SUM(D21:D27) -> 251478066 | E20: =SUM(E21:E27) -> 3.0970895e+08 | F20: =SUM(F21:F27) -> 5.6118702e+08 | G20: =SUM(G21:G27) -> 5.4594997e+08 | H20: =SUM(H21:H27) -> 3.7041942e+08 | I20: =SUM(I21:I27) -> 15237053
C21: b1) Protección Ambiental | D21: 0 | E21: 0 | F21: 0 | G21: 0 | H21: 0 | I21: 0
C22: b2) Vivienda y Servicios a la Comunidad | D22: 0 | E22: 0 | F22: 0 | G22: 0 | H22: 0 | I22: 0
C23: b3) Salud | D23: =+'F6a. EAEPE OG'!D11+'F6a. EAEPE OG'!D19+'F6a. EAEPE OG'!D29+'F6a. EAEPE OG'!D39+'F6a. EAEPE OG'!D49+'F6a. EAEPE OG'!D59 -> 251478066 | E23: =+'F6a. EAEPE OG'!E11+'F6a. EAEPE OG'!E19+'F6a. EAEPE OG'!E29+'F6a. EAEPE OG'!E39+'F6a. EAEPE OG'!E49+'F6a. EAEPE OG'!E59 -> 3.0970895e+08 | F23: =+'F6a. EAEPE OG'!F11+'F6a. EAEPE OG'!F19+'F6a. EAEPE OG'!F29+'F6a. EAEPE OG'!F39+'F6a. EAEPE OG'!F49+'F6a. EAEPE OG'!F59 -> 5.6118702e+08 | G23: =+'F6a. EAEPE OG'!G11+'F6a. EAEPE OG'!G19+'F6a. EAEPE OG'!G29+'F6a. EAEPE OG'!G39+'F6a. EAEPE OG'!G49+'F6a. EAEPE OG'!G59 -> 5.4594997e+08 | H23: =+'F6a. EAEPE OG'!H11+'F6a. EAEPE OG'!H19+'F6a. EAEPE OG'!H29+'F6a. EAEPE OG'!H39+'F6a. EAEPE OG'!H49+'F6a. EAEPE OG'!H59 -> 3.7041942e+08 | I23: =+'F6a. EAEPE OG'!I11+'F6a. EAEPE OG'!I19+'F6a. EAEPE OG'!I29+'F6a. EAEPE OG'!I39+'F6a. EAEPE OG'!I49+'F6a. EAEPE OG'!I59 -> 15237053
C24: b4) Recreación, Cultura y Otras Manifestaciones Sociales | D24: 0 | E24: 0 | F24: 0 | G24: 0 | H24: 0 | I24: 0
C25: b5) Educación | D25: 0 | E25: 0 | F25: 0 | G25: 0 | H25: 0 | I25: 0
C26: b6) Protección Social | D26: 0 | E26: 0 | F26: 0 | G26: 0 | H26: 0 | I26: 0
C27: b7) Otros Asuntos Sociales | D27: 0 | E27: 0 | F27: 0 | G27: 0 | H27: 0 | I27: 0
B28: C. Desarrollo Económico (C=c1+c2+c3+c4+c5+c6+c7+c8+c9) | D28: =SUM(D29:D37) -> 0 | E28: =SUM(E29:E37) -> 0 | F28: =SUM(F29:F37) -> 0 | G28: =SUM(G29:G37) -> 0 | H28: =SUM(H29:H37) -> 0 | I28: =SUM(I29:I37) -> 0
C29: c1) Asuntos Económicos, Comerciales y Laborales en General | D29: 0 | E29: 0 | F29: 0 | G29: 0 | H29: 0 | I29: 0
C30: c2) Agropecuaria, Silvicultura, Pesca y Caza | D30: 0 | E30: 0 | F30: 0 | G30: 0 | H30: 0 | I30: 0
C31: c3) Combustibles y Energía | D31: 0 | E31: 0 | F31: 0 | G31: 0 | H31: 0 | I31: 0
C32: c4) Minería, Manufacturas y Construcción | D32: 0 | E32: 0 | F32: 0 | G32: 0 | H32: 0 | I32: 0
C33: c5) Transporte | D33: 0 | E33: 0 | F33: 0 | G33: 0 | H33: 0 | I33: 0
C34: c6) Comunicaciones | D34: 0 | E34: 0 | F34: 0 | G34: 0 | H34: 0 | I34: 0
C35: c7) Turismo | D35: 0 | E35: 0 | F35: 0 | G35: 0 | H35: 0 | I35: 0
C36: c8) Ciencia, Tecnología e Innovación | D36: 0 | E36: 0 | F36: 0 | G36: 0 | H36: 0 | I36: 0
C37: c9) Otras Industrias y Otros Asuntos Económicos | D37: 0 | E37: 0 | F37: 0 | G37: 0 | H37: 0 | I37: 0
B38: D. Otras No Clasificadas en Funciones Anteriores (D=d1+d2+d3+d4) | D38: =SUM(D39:D42) -> 0 | E38: =SUM(E39:E42) -> 25212314 | F38: =SUM(F39:F42) -> 25212314 | G38: =SUM(G39:G42) -> 25212314 | H38: =SUM(H39:H42) -> 25212314 | I38: =SUM(I39:I42) -> 0
C39: d1) Transacciones de la Deuda Publica / Costo Financiero de la Deuda | D39: 0 | E39: 0 | F39: 0 | G39: 0 | H39: 0 | I39: 0
C40: d2) Transferencias, Participaciones y Aportaciones Entre Diferentes Niveles y Ordenes de Gobierno | D40: 0 | E40: 0 | F40: 0 | G40: 0 | H40: 0 | I40: 0
C41: d3) Saneamiento del Sistema Financiero | D41: 0 | E41: 0 | F41: 0 | G41: 0 | H41: 0 | I41: 0
C42: d4) Adeudos de Ejercicios Fiscales Anteriores | D42: ='F6a. EAEPE OG'!D82 -> 0 | E42: ='F6a. EAEPE OG'!E82 -> 25212314 | F42: ='F6a. EAEPE OG'!F82 -> 25212314 | G42: ='F6a. EAEPE OG'!G82 -> 25212314 | H42: ='F6a. EAEPE OG'!H82 -> 25212314 | I42: ='F6a. EAEPE OG'!I82 -> 0
B43: II. Gasto Etiquetado (II=A+B+C+D) | D43: =+D56+D75 -> 2721553784 | E43: =+E56+E75 -> 1.1046449e+09 | F43: =+F56+F75 -> 3.8261987e+09 | G43: =+G56+G75 -> 3.8069618e+09 | H43: =+H56+H75 -> 3.4572837e+09 | I43: =+I56+I75 -> 19236853
B44: A. Gobierno (A=a1+a2+a3+a4+a5+a6+a7+a8) | D44: 0 | E44: 0 | F44: 0 | G44: 0 | H44: 0 | I44: 0
C45: a1) Legislación | D45: 0 | E45: 0 | F45: 0 | G45: 0 | H45: 0 | I45: 0
C46: a2) Justicia | D46: 0 | E46: 0 | F46: 0 | G46: 0 | H46: 0 | I46: 0
C47: a3) Coordinación de la Política de Gobierno | D47: 0 | E47: 0 | F47: 0 | G47: 0 | H47: 0 | I47: 0
C48: a4) Relaciones Exteriores | D48: 0 | E48: 0 | F48: 0 | G48: 0 | H48: 0 | I48: 0
C49: a5) Asuntos Financieros y Hacendarios | D49: 0 | E49: 0 | F49: 0 | G49: 0 | H49: 0 | I49: 0
C50: a6) Seguridad Nacional | D50: 0 | E50: 0 | F50: 0 | G50: 0 | H50: 0 | I50: 0
C51: a7) Asuntos de Orden Público y de Seguridad Interior | D51: 0 | E51: 0 | F51: 0 | G51: 0 | H51: 0 | I51: 0
C52: a8) Otros Servicios Generales | D52: 0 | E52: 0 | F52: 0 | G52: 0 | H52: 0 | I52: 0
B53: B. Desarrollo Social (B=b1+b2+b3+b4+b5+b6+b7) | D53: =SUM(D54:D60) -> 2721553784 | E53: =SUM(E54:E60) -> 1.1046449e+09 | F53: =SUM(F54:F60) -> 3.8261987e+09 | G53: =SUM(G54:G60) -> 3.8069618e+09 | H53: =SUM(H54:H60) -> 3.4572837e+09 | I53: =SUM(I54:I60) -> 19236853
C54: b1) Protección Ambiental | D54: 0 | E54: 0 | F54: 0 | G54: 0 | H54: 0 | I54: 0
C55: b2) Vivienda y Servicios a la Comunidad | D55: 0 | E55: 0 | F55: 0 | G55: 0 | H55: 0 | I55: 0
C56: b3) Salud | D56: =+'F6a. EAEPE OG'!D84+'F6a. EAEPE OG'!D92+'F6a. EAEPE OG'!D102+'F6a. EAEPE OG'!D112+'F6a. EAEPE OG'!D122+'F6a. EAEPE OG'!D132+'F6a. EAEPE OG'!D144 -> 2721553784 | E56: =+'F6a. EAEPE OG'!E84+'F6a. EAEPE OG'!E92+'F6a. EAEPE OG'!E102+'F6a. EAEPE OG'!E112+'F6a. EAEPE OG'!E122+'F6a. EAEPE OG'!E132+'F6a. EAEPE OG'!E144 -> 1.1046449e+09 | F56: =+'F6a. EAEPE OG'!F84+'F6a. EAEPE OG'!F92+'F6a. EAEPE OG'!F102+'F6a. EAEPE OG'!F112+'F6a. EAEPE OG'!F122+'F6a. EAEPE OG'!F132+'F6a. EAEPE OG'!F144 -> 3.8261987e+09 | G56: =+'F6a. EAEPE OG'!G84+'F6a. EAEPE OG'!G92+'F6a. EAEPE OG'!G102+'F6a. EAEPE OG'!G112+'F6a. EAEPE OG'!G122+'F6a. EAEPE OG'!G132+'F6a. EAEPE OG'!G144 -> 3.8069618e+09 | H56: =+'F6a. EAEPE OG'!H84+'F6a. EAEPE OG'!H92+'F6a. EAEPE OG'!H102+'F6a. EAEPE OG'!H112+'F6a. EAEPE OG'!H122+'F6a. EAEPE OG'!H132+'F6a. EAEPE OG'!H144 -> 3.4572837e+09 | I56: =+'F6a. EAEPE OG'!I84+'F6a. EAEPE OG'!I92+'F6a. EAEPE OG'!I102+'F6a. EAEPE OG'!I112+'F6a. EAEPE OG'!I122+'F6a. EAEPE OG'!I132+'F6a. EAEPE OG'!I144 -> 19236853
C57: b4) Recreación, Cultura y Otras Manifestaciones Sociales | D57: 0 | E57: 0 | F57: 0 | G57: 0 | H57: 0 | I57: 0
C58: b5) Educación | D58: 0 | E58: 0 | F58: 0 | G58: 0 | H58: 0 | I58: 0
C59: b6) Protección Social | D59: 0 | E59: 0 | F59: 0 | G59: 0 | H59: 0 | I59: 0
C60: b7) Otros Asuntos Sociales | D60: 0 | E60: 0 | F60: 0 | G60: 0 | H60: 0 | I60: 0
B61: C. Desarrollo Económico (C=c1+c2+c3+c4+c5+c6+c7+c8+c9)
C62: c1) Asuntos Económicos, Comerciales y Laborales en General | D62: 0 | E62: 0 | F62: 0 | G62: 0 | H62: 0 | I62: 0
C63: c2) Agropecuaria, Silvicultura, Pesca y Caza | D63: 0 | E63: 0 | F63: 0 | G63: 0 | H63: 0 | I63: 0
C64: c3) Combustibles y Energía | D64: 0 | E64: 0 | F64: 0 | G64: 0 | H64: 0 | I64: 0
C65: c4) Minería, Manufacturas y Construcción | D65: 0 | E65: 0 | F65: 0 | G65: 0 | H65: 0 | I65: 0
C66: c5) Transporte | D66: 0 | E66: 0 | F66: 0 | G66: 0 | H66: 0 | I66: 0
C67: c6) Comunicaciones | D67: 0 | E67: 0 | F67: 0 | G67: 0 | H67: 0 | I67: 0
C68: c7) Turismo | D68: 0 | E68: 0 | F68: 0 | G68: 0 | H68: 0 | I68: 0
C69: c8) Ciencia, Tecnología e Innovación | D69: 0 | E69: 0 | F69: 0 | G69: 0 | H69: 0 | I69: 0
C70: c9) Otras Industrias y Otros Asuntos Económicos | D70: 0 | E70: 0 | F70: 0 | G70: 0 | H70: 0 | I70: 0
B71: D. Otras No Clasificadas en Funciones Anteriores (D=d1+d2+d3+d4) | D71: =+D75 -> 0 | E71: =+E75 -> 0 | F71: =+F75 -> 0 | G71: =+G75 -> 0 | H71: =+H75 -> 0 | I71: =+I75 -> 0
C72: d1) Transacciones de la Deuda Publica / Costo Financiero de la Deuda | D72: 0 | E72: 0 | F72: 0 | G72: 0 | H72: 0 | I72: 0
C73: d2) Transferencias, Participaciones y Aportaciones Entre Diferentes Niveles y Ordenes de Gobierno | D73: 0 | E73: 0 | F73: 0 | G73: 0 | H73: 0 | I73: 0
C74: d3) Saneamiento del Sistema Financiero | D74: 0 | E74: 0 | F74: 0 | G74: 0 | H74: 0 | I74: 0
C75: d4) Adeudos de Ejercicios Fiscales Anteriores | D75: =+'F6a. EAEPE OG'!D155 -> 0 | E75: =+'F6a. EAEPE OG'!E155 -> 0 | F75: =+'F6a. EAEPE OG'!F155 -> 0 | G75: =+'F6a. EAEPE OG'!G155 -> 0 | H75: =+'F6a. EAEPE OG'!H155 -> 0 | I75: =+'F6a. EAEPE OG'!I155 -> 0
B76: III. Total de Egresos (III = I + II) | D76: =+D43+D10 -> 2973031850 | E76: =+E43+E10 -> 1.4395662e+09 | F76: =+F43+F10 -> 4.412598e+09 | G76: =+G43+G10 -> 4.3781241e+09 | H76: =+H43+H10 -> 3.8529154e+09 | I76: =+I43+I10 -> 34473905

Sheet F6d. EAEPE SP
B2: Servicios de Salud de Durango
B3: Estado Analítico del Ejercicio del Presupuesto de Egresos Detallado - LDF
B4: Clasificación de Servicios Personales por Categoría
B5: Del 1 de enero al 31 de diciembre de 2022
B6: (Pesos)
B8: Concepto | C8: Egresos | H8: Subejercicio
C9: Aprobado | D9: Ampliaciones/ (Reducciones) | E9: Modificado | F9: Devengado | G9: Pagado
B10: I. Gasto No Etiquetado | C10: =SUM(C11:C20) -> 103086210 | D10: =SUM(D11:D20) -> 52728045 | E10: =SUM(E11:E20) -> 1.5581425e+08 | F10: =SUM(F11:F20) -> 1.5576427e+08 | G10: =SUM(G11:G20) -> 1.3106037e+08 | H10: =SUM(H11:H20) -> 49982.02
B11: A. Personal Administrativo y de Servicio Público | C11: 0 | D11: 0 | E11: 0 | F11: 0 | G11: 0 | H11: =+E11-F11 -> 0
B12: B. Magisterio | C12: 0 | D12: 0 | E12: 0 | F12: 0 | G12: 0 | H12: =+E12-F12 -> 0
B13: C. Servicios de Salud (C=c1+c2) | C13: 0 | D13: 0 | E13: 0 | F13: 0 | G13: 0 | H13: =+E13-F13 -> 0
B14: c1) Personal Administrativo | C14: 101886210 | D14: =+E14-C14 -> -27368278 | E14: 74517932 | F14: 74681393 | G14: 68319517 | H14: =+E14-F14 -> -163460.82
B15: c2) Personal Médico, Paramédico y afín | C15: 1200000 | D15: =+E15-C15 -> 66115872 | E15: 67315872 | F15: 67310376 | G15: 48968350 | H15: =+E15-F15 -> 5496.28
B16: D. Seguridad Pública | F16: 0 | G16: 0 | H16: =+E16-F16 -> 0
B17: E. Gastos asociados a la implementación de nuevas leyes federales o reformas a las mismas (E=e1+e2) | C17: 0 | D17: 0 | E17: 0 | F17: 0 | G17: 0 | H17: =+E17-F17 -> 0
B18: e1) Nombre del Programa o Ley 1 | C18: 0 | D18: 0 | E18: 0 | F18: 0 | G18: 0 | H18: =+E18-F18 -> 0
B19: e2) Nombre del Programa o Ley 2 | C19: 0 | D19: 0 | E19: 0 | F19: 0 | G19: 0 | H19: =+E19-F19 -> 0
B20: F. Sentencias laborales definitivas | C20: 0 | D20: =+E20-C20 -> 13980450 | E20: 13980450 | F20: 13772504 | G20: 13772504 | H20: =+E20-F20 -> 207946.56
B22: II. Gasto Etiquetado | C22: =SUM(C23:C32) -> 1593663908 | D22: =SUM(D23:D32) -> 1.0641074e+09 | E22: =SUM(E23:E32) -> 2.6577713e+09 | F22: =SUM(F23:F32) -> 2.6551395e+09 | G22: =SUM(G23:G32) -> 2.6354171e+09 | H22: =SUM(H23:H32) -> 2631822.1
B23: A. Personal Administrativo y de Servicio Público | C23: 0 | D23: 0 | E23: 0 | F23: 0 | G23: 0 | H23: 0
B24: B. Magisterio | C24: 0 | D24: 0 | E24: 0 | F24: 0 | G24: 0 | H24: 0
B25: C. Servicios de Salud (C=c1+c2) | C25: 0 | D25: 0 | E25: 0 | F25: 0 | G25: 0 | H25: 0
B26: c1) Personal Administrativo | C26: 79965562 | D26: =+E26-C26 -> 4.1719734e+08 | E26: 4.9716291e+08 | F26: 4.9682745e+08 | G26: 4.9613616e+08 | H26: =+E26-F26 -> 335458.16
B27: c2) Personal Médico, Paramédico y afín | C27: 1513698346 | D27: =+E27-C27 -> 6.4691007e+08 | E27: 2.1606084e+09 | F27: 2.1583121e+09 | G27: 2.139281e+09 | H27: =+E27-F27 -> 2296364
B28: D. Seguridad Pública | C28: 0 | D28: 0 | E28: 0 | F28: 0 | G28: 0 | H28: 0
B29: E. Gastos asociados a la implementación de nuevas leyes federales o reformas a las mismas (E=e1+e2) | C29: 0 | D29: 0 | E29: 0 | F29: 0 | G29: 0 | H29: 0
B30: e1) Nombre del Programa o Ley 1 | C30: 0 | D30: 0 | E30: 0 | F30: 0 | G30: 0 | H30: 0
B31: e2) Nombre del Programa o Ley 2 | C31: 0 | D31: 0 | E31: 0 | F31: 0 | G31: 0 | H31: 0
B32: F. Sentencias laborales definitivas | C32: 0 | D32: 0 | E32: 0 | F32: 0 | G32: 0 | H32: 0
B34: III. Total del Gasto en Servicios Personales (III = I + II) | C34: =+C10+C22 -> 1696750118 | D34: =+D10+D22 -> 1.1168355e+09 | E34: =+E10+E22 -> 2.8135856e+09 | F34: =+F10+F22 -> 2.8109038e+09 | G34: =+G10+G22 -> 2.7664775e+09 | H34: =+H10+H22 -> 2681804.1
B36: Notas:
B37: B. Magisterio.- En este rubro unicamente va lo referente a Magisterio Estatal y Federal (Incluye Telesecundarias). No aplica para el personal docente de los Organismos Públicos Descentralizados.
